3AA
OTTAWA NATIONALS @ FT. POLK SOUTH THUNDER HAWKS
08/25/2033
 
TOP OF THE 1ST
Ottawa Nationals batting - Pitching for Ft. Polk South Thunder Hawks : RHP Kyle Overhill
Pitching: RHP Kyle Overhill
Batting: RHB Pancho Rodríguez 0-0: DOUBLE (Line Drive, 5D)
Batting: LHB Carlos Cirilli 0-0: Ball
1-0: Called Strike
1-1: Ball
2-1: Called Strike
2-2: Foul Ball, location: 2F
2-2: Strikes out swinging
Batting: LHB José Gómez 0-0: Ball
Pancho Rodríguez is caught stealing 3rd base
1-0: Ball
2-0: Foul Ball, location: 2F
2-1: Ball
3-1: Base on Balls
Batting: LHB Alan Shaw 0-0: Ball
1-0: Called Strike
1-1: Ball
2-1: Ball
3-1: Base on Balls
José Gómez to second
Batting: RHB Yang-joo Pak 0-0: Foul Ball, location: 2F
0-1: Ball
1-1: Fly out, F8 (Flyball, 8LD)
Top of the 1st over - 0 runs, 1 hit, 0 errors, 2 left on base; Ottawa 0 - Ft. Polk South 0
BOTTOM OF THE 1ST
Ft. Polk South Thunder Hawks batting - Pitching for Ottawa Nationals : LHP Gerald Emerson
Pitching: LHP Gerald Emerson
Batting: RHB Luke Thornton 0-0: Ball
1-0: Swinging Strike
1-1: Foul Ball, location: 2F
1-2: Foul Ball, location: 2F
1-2: Ball
2-2: Ball
3-2: Foul Ball, location: 2F
3-2: Foul Ball, location: 2F
3-2: SINGLE (Groundball, 6D)
Batting: LHB Shohei Otani 0-0: TRIPLE (Flyball, 78XD)
Luke Thornton scores
Batting: RHB Alejandro Santiago 0-0: Ball
1-0: Ball
2-0: Ball
3-0: Base on Balls
Batting: LHB Felipe Soto 0-0: Fly out, F9 (Flyball, 9LS)
Runner from 3rd tags up, SCORES, throw made
Batting: RHB Jon Moon 0-0: Foul Ball, location: 2F
0-1: Foul Ball, location: 2F
0-2: DOUBLE (Line Drive, 7LM)
Alejandro Santiago to third
Batting: RHB Juan Mata 0-0: Swinging Strike
0-1: Swinging Strike
0-2: Ball
1-2: Foul Ball, location: 2F
1-2: Ball
2-2: Fly out, F8 (Flyball, 8LD)
Runner from 3rd tags up, OUT at HOME
Bottom of the 1st over - 2 runs, 3 hits, 0 errors, 1 left on base; Ottawa 0 - Ft. Polk South 2
TOP OF THE 2ND
Ottawa Nationals batting - Pitching for Ft. Polk South Thunder Hawks : RHP Kyle Overhill
Batting: RHB Bartho Simonse 0-0: Ball
1-0: Swinging Strike
1-1: Swinging Strike
1-2: Ball
2-2: Foul Ball, location: 2F
2-2: Foul Ball, location: 2F
2-2: Ground out 5-3 (Groundball, 5)
Batting: RHB Tomás Bermúdez 0-0: Ball
1-0: Ground out 5-3 (Groundball, 56S)
Batting: RHB Miguel González 0-0: Ball
1-0: Called Strike
1-1: Called Strike
1-2: Ball
2-2: Reached on error, E6 (Groundball, 6)
Batting: RHB José García 0-0: Called Strike
0-1: Swinging Strike
0-2: SINGLE (Groundball, 34D)
Miguel González to second
Runner from 2nd tries for 3rd, SAFE, no throw
Batting: RHB Pancho Rodríguez 0-0: Called Strike
0-1: Ground out 5-3 (Groundball, 25)
Top of the 2nd over - 0 runs, 1 hit, 1 error, 2 left on base; Ottawa 0 - Ft. Polk South 2
BOTTOM OF THE 2ND
Ft. Polk South Thunder Hawks batting - Pitching for Ottawa Nationals : LHP Gerald Emerson
Batting: RHB Thomas Feliciano 0-0: Called Strike
0-1: Foul Ball, location: 2F
0-2: Ball
1-2: DOUBLE (Line Drive, 7LM)
Batting: SHB Dong-joo Yu 0-0: Ball
1-0: Foul Ball, location: 2F
1-1: Fly out, F6 (Line Drive, 6M)
Now at SS: Vincente Fuentes
Batting: RHB Aaron Dixon 0-0: Called Strike
0-1: Ball
1-1: Swinging Strike
1-2: Ball
2-2: Ball
3-2: Fly out, F7 (Flyball, 7LM)
Batting: RHB Luke Thornton 0-0: Ball
1-0: Swinging Strike
1-1: Foul Ball, location: 2F
1-2: Foul Ball, location: 2F
1-2: Ball
2-2: Strikes out swinging
Bottom of the 2nd over - 0 runs, 1 hit, 0 errors, 1 left on base; Ottawa 0 - Ft. Polk South 2
TOP OF THE 3RD
Ottawa Nationals batting - Pitching for Ft. Polk South Thunder Hawks : RHP Kyle Overhill
Batting: LHB Carlos Cirilli 0-0: Ball
1-0: SOLO HOME RUN (Flyball, 9LD), Distance : 322 ft
Batting: LHB José Gómez 0-0: Ball
1-0: Ball
2-0: Ball
3-0: Base on Balls
Batting: LHB Alan Shaw 0-0: Fly out, F9 (Flyball, 9S)
Batting: RHB Yang-joo Pak 0-0: Ball
1-0: Ball
2-0: DOUBLE (Line Drive, 9LM)
José Gómez to third
Batting: RHB Bartho Simonse 0-0: Single, Error in OF, E8, batter to second base
José Gómez scores
Yang-joo Pak scores
Batting: RHB Vincente Fuentes 0-0: Called Strike
0-1: Foul Ball, location: 2F
0-2: Strikes out swinging
Batting: RHB Miguel González 0-0: Called Strike
0-1: Swinging Strike
0-2: Foul Ball, location: 2F
0-2: Ball
1-2: Ball
2-2: Ground out 6-3 (Groundball, 6)
Top of the 3rd over - 3 runs, 3 hits, 1 error, 1 left on base; Ottawa 3 - Ft. Polk South 2
BOTTOM OF THE 3RD
Ft. Polk South Thunder Hawks batting - Pitching for Ottawa Nationals : LHP Gerald Emerson
Batting: LHB Shohei Otani 0-0: Called Strike
0-1: Ball
1-1: Foul Ball, location: 2F
1-2: Strikes out swinging
Batting: RHB Alejandro Santiago 0-0: Called Strike
0-1: Ball
1-1: SOLO HOME RUN (Flyball, 7LD), Distance : 330 ft
Batting: LHB Felipe Soto 0-0: Ball
1-0: Foul Ball, location: 2F
1-1: Foul Ball, location: 2F
1-2: Ground out 4-3 (Groundball, 4)
Batting: RHB Jon Moon 0-0: Ball
1-0: Ball
2-0: Ball
3-0: Base on Balls
Batting: RHB Juan Mata 0-0: Ball
1-0: Swinging Strike
1-1: Ball
2-1: Swinging Strike
2-2: Foul Ball, location: 2F
2-2: Foul Ball, location: 2F
2-2: Strikes out looking
Bottom of the 3rd over - 1 run, 1 hit, 0 errors, 1 left on base; Ottawa 3 - Ft. Polk South 3
TOP OF THE 4TH
Ottawa Nationals batting - Pitching for Ft. Polk South Thunder Hawks : RHP Kyle Overhill
Batting: RHB José García 0-0: Ball
1-0: Ball
2-0: Ball
3-0: Called Strike
3-1: Swinging Strike
3-2: Ground out 4-3 (Groundball, 34D)
Batting: RHB Pancho Rodríguez 0-0: Foul Ball, location: 2F
0-1: SINGLE (Flyball, 8LS)
Batting: LHB Carlos Cirilli 0-0: Ball
1-0: Foul Ball, location: 2F
1-1: Ball
2-1: Fielders Choice at 2nd, 4-6 (Groundball, 34)
Batting: LHB José Gómez 0-0: Ground out 4-3 (Groundball, 34)
Top of the 4th over - 0 runs, 1 hit, 0 errors, 1 left on base; Ottawa 3 - Ft. Polk South 3
BOTTOM OF THE 4TH
Ft. Polk South Thunder Hawks batting - Pitching for Ottawa Nationals : LHP Gerald Emerson
Pitching: RHP Ron Burgundy
Batting: RHB Thomas Feliciano 0-0: Called Strike
0-1: SOLO HOME RUN (Flyball, 78XD), Distance : 385 ft
Batting: SHB Dong-joo Yu 0-0: Fly out, F9 (Flyball, 9S)
Batting: RHB Aaron Dixon 0-0: Ball
1-0: Ball
2-0: Called Strike
2-1: Called Strike
2-2: Foul Ball, location: 2F
2-2: Ball
3-2: Base on Balls
Batting: RHB Luke Thornton 0-0: Fly out, F3 (Popup, 23)
Batting: LHB Shohei Otani 0-0: Ground out 4-3 (Groundball, 4S)
Bottom of the 4th over - 1 run, 1 hit, 0 errors, 1 left on base; Ottawa 3 - Ft. Polk South 4
TOP OF THE 5TH
Ottawa Nationals batting - Pitching for Ft. Polk South Thunder Hawks : RHP Kyle Overhill
Batting: LHB Alan Shaw 0-0: SINGLE (Line Drive, 9LS)
Batting: RHB Yang-joo Pak 0-0: Ball
1-0: Foul Ball, location: 2F
1-1: SINGLE (Line Drive, 78S)
Alan Shaw to second
Batting: RHB Bartho Simonse 0-0: Called Strike
0-1: Swinging Strike
0-2: Ball
1-2: Ball
2-2: Ball
3-2: SINGLE (Groundball, 6MD)
Alan Shaw to third
Yang-joo Pak to second
Batting: RHB Vincente Fuentes 0-0: Ball
1-0: DOUBLE (Line Drive, 78D)
Alan Shaw scores
Yang-joo Pak scores
Bartho Simonse to third
Batting: RHB Miguel González 0-0: DOUBLE (Line Drive, 9LM)
Bartho Simonse scores
Vincente Fuentes scores
Pitching: RHP Tommy Rowe
Batting: RHB José García 0-0: Ball
1-0: Foul Ball, location: 2F
1-1: Swinging Strike
1-2: Strikes out swinging
Batting: RHB Pancho Rodríguez 0-0: Ball
1-0: Swinging Strike
1-1: Foul Ball, location: 2F
1-2: Ball
2-2: Foul Ball, location: 2F
2-2: Strikes out swinging
Batting: LHB Carlos Cirilli 0-0: SINGLE (Line Drive, 9LS)
Miguel González to third
Runner from 3rd tries for Home, SAFE, no throw
Batting: LHB José Gómez 0-0: Foul Ball, location: 2F
0-1: Foul Ball, location: 2F
0-2: Ball
1-2: Ball
2-2: Ball
3-2: Base on Balls
Carlos Cirilli to second
Batting: LHB Alan Shaw 0-0: Called Strike
0-1: Ball
1-1: Foul Ball, location: 2F
1-2: Strikes out swinging
Top of the 5th over - 5 runs, 6 hits, 0 errors, 2 left on base; Ottawa 8 - Ft. Polk South 4
BOTTOM OF THE 5TH
Ft. Polk South Thunder Hawks batting - Pitching for Ottawa Nationals : RHP Ron Burgundy
Batting: RHB Alejandro Santiago 0-0: Ball
1-0: Swinging Strike
1-1: Called Strike
1-2: Foul Ball, location: 2F
1-2: Ball
2-2: Foul Ball, location: 2F
2-2: Ball
3-2: SINGLE (Line Drive, 6MD)
Batting: LHB Felipe Soto 0-0: Swinging Strike
0-1: Foul Ball, location: 2F
0-2: SINGLE (Line Drive, 89M)
Alejandro Santiago to second
Runner from 2nd tries for 3rd, SAFE, no throw
Batting: RHB Jon Moon 0-0: Ball
1-0: Ball
2-0: Ground out 4-3 (Groundball, 34)
Alejandro Santiago scores
Felipe Soto to second
Batting: RHB Juan Mata 0-0: Called Strike
0-1: Ball
1-1: SINGLE (Line Drive, 4D)
Felipe Soto to third
Batting: RHB Thomas Feliciano 0-0: Ball
1-0: Called Strike
1-1: SINGLE (Line Drive, 6)
Felipe Soto scores
Juan Mata to second
Batting: SHB Dong-joo Yu 0-0: Called Strike
0-1: Swinging Strike
0-2: Foul Ball, location: 2F
0-2: Ball
1-2: Foul Ball, location: 2F
1-2: Foul Ball, location: 2F
1-2: Ball
2-2: Grounds out, U3 (Groundball, 3L)
Juan Mata to third
Batting: RHB Aaron Dixon 0-0: Called Strike
0-1: Ball
1-1: Ground out 6-3 (Groundball, 6)
Bottom of the 5th over - 2 runs, 4 hits, 0 errors, 2 left on base; Ottawa 8 - Ft. Polk South 6
TOP OF THE 6TH
Ottawa Nationals batting - Pitching for Ft. Polk South Thunder Hawks : RHP Tommy Rowe
Batting: RHB Yang-joo Pak 0-0: Foul Ball, location: 2F
0-1: Ground out 5-3 (Groundball, 56D)
Batting: RHB Bartho Simonse 0-0: Called Strike
0-1: Ball
1-1: Called Strike
1-2: Ball
2-2: Fly out, F8 (Flyball, 8RS)
Batting: RHB Vincente Fuentes 0-0: Called Strike
0-1: Ball
1-1: Called Strike
1-2: Ball
2-2: Fly out, F7 (Line Drive, 7)
Top of the 6th over - 0 runs, 0 hits, 0 errors, 0 left on base; Ottawa 8 - Ft. Polk South 6
BOTTOM OF THE 6TH
Ft. Polk South Thunder Hawks batting - Pitching for Ottawa Nationals : RHP Ron Burgundy
Pitching: RHP Walid bin Amid
Batting: RHB Luke Thornton 0-0: Called Strike
0-1: Ball
1-1: Ground out 5-3 (Groundball, 5S)
Batting: LHB Shohei Otani 0-0: Ball
1-0: Called Strike
1-1: Foul Ball, location: 2F
1-2: Foul Ball, location: 2F
1-2: Foul Ball, location: 2F
1-2: Reached on error, E3 (Line Drive, 3)
Batting: RHB Alejandro Santiago 0-0: Ball
1-0: SINGLE (Groundball, 56D)
Shohei Otani to second
Batting: LHB Felipe Soto 0-0: Ball
1-0: Ball
2-0: Ball
3-0: Called Strike
3-1: Foul Ball, location: 2F
3-2: Fly out, F8 (Flyball, 8RM)
Batting: RHB Jon Moon 0-0: Called Strike
0-1: Ball
1-1: Ball
2-1: Fielders Choice at 2nd, 5-4 (Groundball, 56)
Bottom of the 6th over - 0 runs, 1 hit, 1 error, 2 left on base; Ottawa 8 - Ft. Polk South 6
TOP OF THE 7TH
Ottawa Nationals batting - Pitching for Ft. Polk South Thunder Hawks : RHP Tommy Rowe
Batting: RHB Miguel González 0-0: Called Strike
0-1: Swinging Strike
0-2: Foul Ball, location: 2F
0-2: Ball
1-2: Ball
2-2: SINGLE (Line Drive, 56D)
Batting: RHB José García 0-0: Swinging Strike
0-1: Fly out, F7 (Flyball, 7)
Batting: RHB Pancho Rodríguez 0-0: Ball
1-0: Ground out 5-3 (Groundball, 56S)
Miguel González to second
Batting: LHB Carlos Cirilli 0-0: Ball
1-0: Ground out U3 (Groundball, 3D)
Top of the 7th over - 0 runs, 1 hit, 0 errors, 1 left on base; Ottawa 8 - Ft. Polk South 6
BOTTOM OF THE 7TH
Ft. Polk South Thunder Hawks batting - Pitching for Ottawa Nationals : RHP Walid bin Amid
Batting: RHB Juan Mata 0-0: Ball
1-0: Ball
2-0: Ground out 5-3 (Groundball, 5)
Batting: RHB Thomas Feliciano 0-0: Called Strike
0-1: Ball
1-1: Foul Ball, location: 2F
1-2: Ball
2-2: Ball
3-2: Foul Ball, location: 2F
3-2: Base on Balls
Batting: SHB Dong-joo Yu 0-0: Ball
1-0: Swinging Strike
1-1: Ball
Thomas Feliciano steals 2nd base
2-1: Swinging Strike
2-2: Foul Ball, location: 2F
2-2: Strikes out looking
Batting: RHB Aaron Dixon 0-0: Swinging Strike
0-1: Ball
1-1: Fly out, F8 (Flyball, 8LM)
Bottom of the 7th over - 0 runs, 0 hits, 0 errors, 1 left on base; Ottawa 8 - Ft. Polk South 6
TOP OF THE 8TH
Ottawa Nationals batting - Pitching for Ft. Polk South Thunder Hawks : RHP Tommy Rowe
Batting: LHB José Gómez 0-0: Called Strike
0-1: Hit by Pitch
Batting: LHB Alan Shaw 0-0: Called Strike
0-1: Foul Ball, location: 2F
0-2: Ball
1-2: Foul Ball, location: 2F
1-2: SINGLE (Flyball, 9LS)
José Gómez to second
Throwing error, E9
José Gómez scores
Alan Shaw to second
Batting: RHB Yang-joo Pak 0-0: Called Strike
0-1: Called Strike
0-2: Ball
1-2: Ball
2-2: Foul Ball, location: 2F
2-2: Strikes out swinging
Batting: RHB Bartho Simonse 0-0: Ball
1-0: Swinging Strike
1-1: SINGLE (Line Drive, 78S)
Alan Shaw to third
Batting: RHB Vincente Fuentes 0-0: Called Strike
0-1: Foul Ball, location: 2F
0-2: Ball
1-2: Strikes out looking
Pitching: RHP Ramón Solís
Batting: RHB Miguel González 0-0: Ball
1-0: Ball
2-0: Foul Ball, location: 2F
2-1: Ground out 5-3 (Groundball, 5S)
Top of the 8th over - 1 run, 2 hits, 1 error, 2 left on base; Ottawa 9 - Ft. Polk South 6
BOTTOM OF THE 8TH
Ft. Polk South Thunder Hawks batting - Pitching for Ottawa Nationals : RHP Walid bin Amid
Batting: RHB Luke Thornton 0-0: Fly out, F7 (Flyball, 7)
Batting: LHB Shohei Otani 0-0: Called Strike
0-1: SINGLE (Line Drive, 7LS)
Batting: RHB Alejandro Santiago 0-0: Called Strike
0-1: Called Strike
0-2: Strikes out swinging
Batting: LHB Felipe Soto 0-0: Fielders Choice at 2nd, 5-4 (Groundball, 56)
Bottom of the 8th over - 0 runs, 1 hit, 0 errors, 1 left on base; Ottawa 9 - Ft. Polk South 6
TOP OF THE 9TH
Ottawa Nationals batting - Pitching for Ft. Polk South Thunder Hawks : RHP Ramón Solís
Batting: RHB José García 0-0: Ball
1-0: Ball
2-0: Called Strike
2-1: Swinging Strike
2-2: Foul Ball, location: 2F
2-2: Strikes out swinging
Batting: RHB Pancho Rodríguez 0-0: Swinging Strike
0-1: Ball
1-1: Ball
2-1: Swinging Strike
2-2: Ball
3-2: Strikes out swinging
Batting: LHB Carlos Cirilli 0-0: Called Strike
0-1: Ball
1-1: Ball
2-1: Reached on error, E4 (Popup, 4M)
Batting: LHB José Gómez 0-0: Ball
1-0: Called Strike
1-1: Ball
2-1: Ball
3-1: Base on Balls
Carlos Cirilli to second
Batting: LHB Alan Shaw 0-0: Called Strike
0-1: Swinging Strike
0-2: Ball
1-2: Strikes out swinging, 2-3 out at first.
Top of the 9th over - 0 runs, 0 hits, 1 error, 2 left on base; Ottawa 9 - Ft. Polk South 6
BOTTOM OF THE 9TH
Ft. Polk South Thunder Hawks batting - Pitching for Ottawa Nationals : RHP Walid bin Amid
Pitching: RHP Kevin Pilkington
Batting: RHB Jon Moon 0-0: Swinging Strike
0-1: Foul Ball, location: 2F
0-2: Ground out 6-3 (Groundball, 6)
Batting: RHB Juan Mata 0-0: Ball
1-0: Called Strike
1-1: Called Strike
1-2: Ball
2-2: Foul Ball, location: 2F
2-2: Ball
3-2: Base on Balls
Batting: RHB Thomas Feliciano 0-0: Called Strike
0-1: Ball
1-1: Called Strike
1-2: Ball
2-2: Ball
3-2: Foul Ball, location: 2F
3-2: Base on Balls
Juan Mata to second
Batting: SHB Dong-joo Yu 0-0: Called Strike
0-1: Ball
1-1: Foul Ball, location: 2F
1-2: Strikes out swinging
Batting: RHB Aaron Dixon 0-0: Foul Ball, location: 2F
0-1: Foul Ball, location: 2F
0-2: Strikes out swinging
Bottom of the 9th over - 0 runs, 0 hits, 0 errors, 2 left on base; Ottawa 9 - Ft. Polk South 6
Saturday, December 22nd, 2018 - OOTP Baseball 18.8 Build 76